cohdb
Replays
Latest Replays
All Replays
Popular Replays
Top Player Replays
Match Explorer
How It Works
Community
CoH3 Stats
Reddit
Sign in to upload your games and track your stats! →
Sign in with Steam
Match 43846257
Unlisted
Match 43846257
Overview
Messages
Build Orders
End
Construct Barracks
Riflemen Squad
Riflemen Squad
M1 Mortar Team
Grenade Package
Riflemen Squad
Air Support Center
Construct Medical Station
Construct Motor Pool
P-47 Dive Bomb
P-47 Strafing Run
M8 Greyhound Armored Car
Engineer Squad
P-47 Strafing Run
Construct Tank Depot
Engineer Squad
Selects Armored Battlegroup
Selects Assault Engineers
Selects Fast Deploy
Selects Seek and Destroy
Selects UNKNOWN (2160077)
Selects Field Repairs
Selects War Machine
Grasshopper Recon Run
P-47 Strafing Run
M4A3E8 Sherman Easy Eight
Grasshopper Recon Run
M4A3E8 Sherman Easy Eight
Arturokq
xxl
爹
Rudy NL
0
0
Comments
sign in to comment!
No comments posted yet!